 Dungeon Crawl Stone Soup version 0.27.1-1-g398f81649c (webtiles) character file.

Game seed: 9566082208457784643

165 safid the Chopper (level 5, -4/47 HPs)
             Began as a Hill Orc Fighter on Sept 10, 2021.
             Slain by an orc warrior (7 damage)
             ... on level 4 of the Dungeon.
             The game lasted 00:07:57 (4530 turns).

safid the Chopper (Hill Orc Fighter)                Turns: 4530, Time: 00:07:59

Health: -4/47      AC: 11    Str: 20    XL:     5   Next: 46%
Magic:  5/5        EV:  8    Int:  8    God:
Gold:   102        SH:  9    Dex: 10    Spells: 4/4 levels left

rFire    . . .     SeeInvis .   a - +0 war axe
rCold    . . .     Faith    .   c - +0 kite shield
rNeg     . . .     Spirit   .   m - +2 ring mail {Will+}
rPois    +         Reflect  .   (no helmet)
rElec    .         Harm     .   (no cloak)
rCorr    .         Rampage  .   (no gloves)
Will     +....                  q - +2 pair of boots
Stlth    ..........             (no amulet)
HPRegen  0.15/turn              e - ring of poison resistance
MPRegen  0.09/turn              (no ring)

@: no status effects
A: no striking features
a: no special abilities


You were on level 4 of the Dungeon.
You visited 1 branch of the dungeon, and saw 4 of its levels.

You collected 128 gold pieces.
You spent 26 gold pieces at shops.

Inventory:

Hand Weapons
 a - a +0 war axe (weapon)
 k - a +2 vorpal falchion
Missiles
 b - 6 boomerangs (quivered)
Armour
 c - a +0 kite shield (worn)
 m - a +2 ring mail of willpower (worn)
 q - a +2 pair of boots (worn)
Jewellery
 e - a ring of poison resistance (left hand)
Scrolls
 d - a scroll of acquirement {unknown}
 g - 3 scrolls of teleportation
 h - a scroll of brand weapon {unknown}
 i - a scroll of fear {unknown}
 l - a scroll of fog {unknown}
 n - a scroll of immolation {unknown}
 o - a scroll of summoning {unknown}
 p - a scroll of identify
Potions
 f - a potion of invisibility
 j - a potion of lignification {unknown}


   Skills:
 + Level 4.4 Fighting
 + Level 4.7 Axes
 + Level 4.4 Armour
 + Level 4.2 Shields


You had 4 spell levels left.
You didn't know any spells.
Your spell library contained the following spells:

 Spells                   Type           Power      Damage    Failure   Level
 Slow                     Hex            0%         N/A       99%         2
 Confusing Touch          Hex            0%         N/A       100%        3
 Vampiric Draining        Necr           0%         2d6       100%        3


Dungeon Overview and Level Annotations

Branches:
Dungeon (4/15)
 Temple: D:4-7

Altars:

Shops:
D:2 ((??*   D:3 [(


Message History

An orc comes into view. It is wielding a +0 short sword.
The orc shouts!
You hear a shout!
An orc comes into view. It is wielding a +0 club.
The orc moves out of view.
Found an emerald potion.
An orc warrior comes into view. It is wielding a +0 glaive.
The orc warrior shouts!
The orc shouts!
An orc wizard comes into view. It is wielding a +0 dagger.
There is an open door here.
An orc comes into view. It is wielding a +0 short sword.
The orc shouts!
You hit the orc.
The orc is heavily wounded.
The orc closely misses you. The orc closely misses you.
There is an open door here.
You slash the orc!
You kill the orc!
There are monsters nearby!
The orc warrior hits you from afar with a +0 glaive!
The orc warrior hits you with a +0 glaive!
You hit the orc warrior but do no damage.
The orc warrior hits you with a +0 glaive!!
* * * LOW HITPOINT WARNING * * *
You hit the orc warrior.
The orc warrior is lightly wounded.
The orc warrior hits you but does no damage.
You barely miss the orc warrior.
The orc warrior is lightly wounded.
You slash the orc wizard! You block the orc warrior's attack.
The orc wizard barely misses you.
The orc warrior hits you with a +0 glaive.
* * * LOW HITPOINT WARNING * * *
You hit the orc wizard.
The orc wizard is almost dead.
You barely miss the orc warrior.
The orc wizard gestures at you while chanting.
You resist with almost no effort.
The orc warrior hits you with a +0 glaive!
You die...

########...
..........
..........
.........
.........
........#########
........#........
.....!.ooo.......
........#@.......
#########........
#.......#........
#.......'........
#......##......##
#......#########
+....†.........#
#......##......#
###+######......#


You could see an orc warrior, an orc wizard and an orc.

Vanquished Creatures
  A scorpion (D:2)
  Terence (D:2)
  2 adders (D:2)
  2 orcs (D:4)
  6 bats
  4 endoplasms
  2 giant cockroaches
  5 goblins
  9 hobgoblins
  6 kobolds
  3 quokkas
  11 ball pythons
  5 frilled lizards
  5 rats
62 creatures vanquished.

Notes
Turn   | Place    | Note
-------+----------+-------------------------------------------
     0 | D:1      | safid the Hill Orc Fighter began the quest for the Orb.
     0 | D:1      | Reached XP level 1. HP: 19/19 MP: 1/1
   348 | D:1      | Reached XP level 2. HP: 26/27 MP: 2/2
   577 | D:1      | You fall into a shaft and drop 1 floor!
   577 | D:2      | Found Asch's Magic Scroll Emporium.
   617 | D:2      | Reached XP level 3. HP: 11/33 MP: 3/3
  1232 | D:2      | Found a faded altar of an unknown god.
  1316 | D:2      | Found Ynionam's Assorted Antiques.
  1395 | D:2      | Noticed Terence
  1405 | D:2      | Killed Terence
  1406 | D:2      | Reached XP level 4. HP: 33/40 MP: 4/4
  1568 | D:2      | Found Saipafil's Magic Scroll Shop.
  1584 | D:2      | Bought a scroll of identify for 26 gold pieces
  1634 | D:2      | Noticed a scorpion
  1641 | D:2      | Found Uwaok's Antique Weapon Boutique.
  1643 | D:2      | Found Peett's Antique Weapon Boutique.
  1650 | D:2      | Killed a scorpion
  1651 | D:2      | Reached XP level 5. HP: 24/47 MP: 5/5
  3753 | D:3      | Found Bale's Armour Shoppe.
  3760 | D:3      | Found Gapew's Antique Weapon Emporium.
  4518 | D:4      | Noticed an orc warrior
  4530 | D:4      | Slain by an orc warrior

Illustrated notes

Levels and vault maps discovered:
D:1:      kennysheep_arrival_seaside, layout_loops_ring, st_stairs_5
D:2:      layout_basic, hellmonk_ecumenical_altar_heavens_door, serial_shops,
          shop, shop, shop, shop, nicolae_shop_stone, minivault_4,
          chequers_serial_rivers_room_a, minmay_increasing_density, uniq_terence
D:3:      layout_loops_cross, serial_shops, shop, nicolae_shop_stone
D:4:      layout_gridville, mainiacjoe_overflow_alcove_1,
          cheibrodos_sewer_entry_sluice, minmay_pentomino_pile,
          uniq_blork_the_orc

Skill      XL: |  1  2  3  4 |
---------------+-------------+-----
Axes           | 3 4 |  4.7
Fighting       | 4 |  4.4
Armour         | 4 |  4.4
Shields        | 4 |  4.2

Action                   |  1- 3 |  4- 6 || total
-------------------------+-------+-------++-------
Melee: War axe           |    91 |   108 ||   199
  Use: Potion            |     1 |       ||     1
       Scroll            |       |     2 ||     2
Armor: Scale mail        |    50 |    28 ||    78
       Ring mail         |       |    23 ||    23
Dodge: Dodged            |    36 |    34 ||    70
Block: Kite shield       |    48 |    63 ||   111
